AoeStats
← Kanata

Arena

509051451Analyzed
2v2 RM · 7d ago on Sep 25, 2026· 50m 46s· 4 players
Game mode
Random Map
Map size
Medium (4 player)
Population
200
Speed
Normal
Resources
Standard
Victory
Conquest
Starting age
Dark Age
Ending age
Imperial Age
RankedLock teamsTeams togetherTeam positionsShared explorationLock speedFull tech treeHidden civsTurbo modeCheats
Victory
Defeat
🇨🇳 Bohemians · China
873
+19
🇨🇳 Franks · China
869
+20
🇻🇳 Byzantines · Vietnam
955
-20
🇲🇽 Aztecs · Mexico
942
-35
horacioperez1191
12:25 Feudal Age
11:03 Loom
14:26 Double-Bit Axe
16:59 Wheelbarrow
16:34 Horse Collar
18:58 Castle Age
16:56 Fletching
18:05 Forging
17:57 Padded Archer Armor
18:26 Scale Mail Armor
19:40 Gold Mining
19:43 Stone Mining
20:31 Pikeman
27:23 Bodkin Arrow
36:28 Bow Saw
37:08 Gold Mining
37:53 Stone Shaft Mining
37:43 Town Watch
38:46 Gold Shaft Mining
39:00 Iron Casting
39:06 Hand Cart
39:57 Squires
39:43 Gambesons
39:49 Arson
45:47 Elite Skirmisher
GANADO
10:47 Feudal Age
14:46 Castle Age
12:48 Double-Bit Axe
13:15 Horse Collar
18:38 Fervor
20:48 Sanctity
28:03 Imperial Age
25:24 Pikeman
27:15 Scale Mail Armor
28:23 Chain Mail Armor
29:02 Wheelbarrow
28:50 Squires
30:28 Redemption
29:58 Light Cavalry
30:38 Husbandry
31:25 Hand Cart
30:56 Loom
31:02 Capped Ram
32:14 Bow Saw
31:58 Gold Mining
35:56 Chemistry
36:25 Hussar
37:12 Scale Barding Armor
37:48 Conscription
37:26 Halberdier
38:34 Hussar
Acerlatu
10:41 Feudal Age
15:00 Castle Age
13:46 Double-Bit Axe
16:17 Bow Saw
23:49 Loom
25:05 Wheelbarrow
25:13 Town Watch
26:04 Fletching
30:13 Imperial Age
28:50 Ballistics
30:00 Hand Cart
29:45 Bodkin Arrow
30:01 Forging
32:36 Chemistry
33:20 Scale Mail Armor
33:56 Iron Casting
36:06 Scale Barding Armor
37:01 Blast Furnace
37:18 Siege Engineers
37:24 Fortified Wall
36:42 Elite Throwing Axeman
37:59 Hoardings
36:53 Cavalier
37:34 Husbandry
38:19 Paladin
40:31 Gold Mining
40:34 Stone Mining
41:40 Conscription
41:24 Chivalry
41:46 Arson
41:47 Gambesons
42:03 Squires
45:51 Elite Throwing Axeman
Kanata
12:15 Feudal Age
12:51 Horse Collar
13:00 Double-Bit Axe
18:02 Castle Age
19:15 Heavy Plow
19:28 Bow Saw
24:05 Chemistry
26:15 Imperial Age
24:34 Wheelbarrow
25:54 Hand Cart
26:30 Pikeman
29:26 Ballistics
30:44 Scale Mail Armor
30:56 Forging
33:50 Hussite Reforms
35:00 Devotion
35:12 Fervor
37:13 Faith
37:29 Faith
37:08 Fletching
37:05 Elite Hussite Wagon
39:23 Houfnice
40:57 Halberdier
42:30 Fortified Wall
43:28 Sanctity
43:37 Illumination
44:53 Chain Mail Armor
44:33 Bodkin Arrow
46:01 Iron Casting
45:27 Padded Archer Armor
46:13 Squires
45:58 Arson
46:33 Scale Barding Armor
48:06 Redemption
47:50 Man-at-Arms
48:58 Long Swordsman
Connection lost

Rejoining the realm…

Still unreachable

The connection could not be restored.

Session expired

The server has moved on; the page needs a fresh start.